 Dungeon Crawl Stone Soup version 0.29.1-12-g30fa7ad0bf (webtiles) character file.

Game seed: 2408563989446749141

4490 KittyFluff the Protected (level 10, -8/63 HPs)
             Began as a Gargoyle Berserker on Jan 13, 2023.
             Was an Elder of Trog.
             Mangled by an orc warrior
             ... wielding a +0 glaive
              (12 damage)
             ... in a bailey.
             The game lasted 00:42:20 (12532 turns).

KittyFluff the Protected (Gargoyle Berserker)      Turns: 12532, Time: 00:42:22

Health: -8/63      AC: 21    Str: 23    XL:     10   Next: 38%
Magic:  10/10      EV: 11    Int:  8    God:    Trog [****..]
Gold:   285        SH:  3    Dex: 11    Spells: 9/9 levels left

rFire   + . .      SeeInvis .   D - +0 flail
rCold   . . .      Faith    .   b - +0 buckler
rNeg    + . .      Spirit   .   B - +4 scale mail {Will+}
rPois   ∞          Reflect  .   L - +0 helmet
rElec   +          Harm     .   (no cloak)
rCorr   .          Rampage  .   (no gloves)
Will    +....                   (no boots)
Stlth   ..........              (no amulet)
HPRegen 0.20/turn               m - ring of protection from fire
MPRegen 0.12/turn               (no ring)

@: on berserk cooldown, slowed, very slow
A: sickness immunity, AC +7, negative energy resistance 1, electricity
resistance, torment resistance 1, petrification resistance
a: Renounce Religion, Berserk, Trog's Hand, Brothers in Arms


You were in a bailey.
You worshipped Trog.
Trog was greatly pleased with you.
You visited 1 branch of the dungeon, and saw 8 of its levels.
You also visited: Sewer and Bailey.

You collected 425 gold pieces.
You spent 140 gold pieces at shops.

Inventory:

Hand Weapons
 a - a +0 mace
 k - a +0 sling
 D - a +0 flail (weapon)
Missiles
 c - 32 poisoned darts
 l - 49 stones
 p - 15 boomerangs (quivered)
 I - 2 throwing nets
Armour
 b - a +0 buckler (worn)
 o - the +1 ring mail of Saijah {Int+3}
   (You found it on level 6 of the Dungeon)

   Int:       It affects your intelligence (+3).
 t - a +3 leather armour
 B - a +4 scale mail of willpower (worn)
 C - the +4 scale mail of Broken Taboos {Contam Rampage rPois rF++}
   (You found it on level 5 of the Dungeon)

   rF:        It greatly protects you from fire.
   rPois:     It protects you from poison.
   Contam:    It causes magical contamination when unequipped.
   Rampage:   It bestows one free step when moving towards enemies.
 K - +1 steam dragon scales
 L - a +0 helmet (worn)
Jewellery
 m - a ring of protection from fire (left hand)
Wands
 s - a wand of roots (12)
 J - a wand of light (8)
Scrolls
 e - 3 scrolls of amnesia {unknown}
 i - 4 scrolls of teleportation
 j - a scroll of torment {unknown}
 q - a scroll of fear {unknown}
 x - 3 scrolls of magic mapping {unknown}
 y - 2 scrolls of poison {unknown}
 z - a scroll of fog
 F - a scroll of enchant weapon
 G - a scroll of brand weapon
 H - 2 scrolls of enchant armour {unknown}
Potions
 d - 3 potions of heal wounds
 f - 2 potions of might {unknown}
 g - 5 potions of haste
 h - 4 potions of curing {unknown}
 r - 2 potions of attraction {unknown}
 u - a potion of invisibility {unknown}
 v - a potion of mutation {unknown}
 w - 3 potions of magic {unknown}
 A - a potion of lignification {unknown}
 E - a potion of flight {unknown}


   Skills:
 + Level 7.1 Fighting
 * Level 8.8 Maces & Flails
 + Level 3.6 Throwing
 * Level 9.4 Armour
 + Level 5.0 Dodging


You had 9 spell levels left.
You didn't know any spells.
Your spell library was empty.

Dungeon Overview and Level Annotations

Branches:
Dungeon (8/15)             Temple (0/1) D:5           Sewer (visited)
 Bailey (1/1)
   Lair: D:8-11

Altars:
Ashenzari
Cheibriados
Dithmenos
Elyvilon
Fedhas
Hepliaklqana
Kikubaaqudgha
Makhleb
Vehumet
Zin
The Shining One

Shops:
D:4 [   D:5 [


Innate Abilities, Weirdness & Mutations

You are immune to sickness and miasma.
Your stone body is resilient. (AC +7)
You are immune to poison.
You resist negative energy. (rN+)
You are resistant to electric shocks. (rElec)
You are resistant to unholy torment.
You are immune to petrification.


Message History

You block the orc's attack.
The orc warrior hits you with a +0 halberd.
You closely miss the orc warrior.
The orc warrior is lightly wounded.
You block the orc warrior's attack.
The orc warrior hits you but does no damage.
The orc hits you but does no damage.
The orc warrior hits you with a +0 halberd!
* * * LOW HITPOINT WARNING * * *
You hit the orc warrior.
The orc warrior is lightly wounded.
You block the orc warrior's attack. The orc warrior barely misses you.
The orc hits you but does no damage. The orc warrior closely misses you.
You sock the orc warrior!
The orc warrior is severely wounded.
You barely miss the orc warrior.
The orc warrior is severely wounded.
The orc warrior hits you but does no damage.
The orc warrior hits you from afar with a +0 glaive.
* * * LOW HITPOINT WARNING * * *
The orc completely misses you.
The orc warrior hits you with a +0 halberd.
* * * LOW HITPOINT WARNING * * *
You miss the orc warrior.
The orc warrior is severely wounded.
You hit the orc warrior.
The orc warrior is almost dead.
The orc warrior hits you but does no damage.
The orc warrior hits you from afar with a +0 glaive!
* * * LOW HITPOINT WARNING * * *
You block the orc's attack.
The orc warrior hits you with a +0 halberd.
* * * LOW HITPOINT WARNING * * *
You closely miss the orc warrior.
The orc warrior is almost dead.
You are no longer berserk.
You are exhausted.
You feel yourself slow down.
The orc warrior hits you with a +0 glaive!
You die...

############ ###
##.∩........## ...o
#......#.....###### ..oo
#....)###...o#....#..##..
#∩.....8.....@oo..'..8.oo
#.....###....#o...#..##o.
#....).#.)...###### ..o.
##.∩.)......## ....
############ ###


You could see 3 orc warriors and an orc.

Vanquished Creatures
  Pikel (D:5)
  Maggie (D:7)
  2 yaks (D:8)
  Menkaure (D:7)
  2 water moccasins
  A black bear (D:6)
  3 orc warriors
  A sky beast (D:6)
  An ice beast (D:5)
  A centaur (D:6)
  2 ogres
  A phantom (D:6)
  5 kobold brigands
  3 bullfrogs
  2 scorpions
  2 gnoll sergeants
  A howler monkey (D:5)
  4 hounds
  3 jellies
  4 orc priests
  4 iguanas
  9 orc wizards
  8 adders
  13 gnolls
  3 river rats (Sewer)
  A white imp (D:7)
  An ufetubus (D:4)
  4 worms
  4 dart slugs
  43 orcs
  11 endoplasms
  10 giant cockroaches
  4 goblins
  7 hobgoblins
  6 jackals
  12 kobolds
  5 quokkas
  13 ball pythons
  6 bats (D:2)
  2 frilled lizards
  9 rats
216 creatures vanquished.

Vanquished Creatures (collateral kills)
  2 yaks (D:8)
  An orc warrior (D:8)
  An orc priest (D:8)
  2 orcs (D:8)
6 creatures vanquished.

Vanquished Creatures (others)
  An orc (D:6)
  4 fungi (D:2)
5 creatures vanquished.

Grand Total: 227 creatures vanquished

Notes
Turn   | Place    | Note
-------+----------+-------------------------------------------
     0 | D:1      | KittyFluff the Gargoyle Berserker began the quest for the
                  | Orb.
     0 | D:1      | Reached XP level 1. HP: 14/14 MP: 1/1
   158 | D:1      | Reached XP level 2. HP: 18/19 MP: 2/2
   449 | D:1      | Found a faded altar of an unknown god.
   523 | D:1      | Reached XP level 3. HP: 23/23 MP: 3/3
   842 | D:2      | Reached ** piety under Trog
  1051 | D:2      | Reached skill level 3 in Armour
  1256 | D:2      | Found a shadowy altar of Dithmenos.
  1526 | D:2      | Reached XP level 4. HP: 28/29 MP: 4/4
  2019 | D:3      | Found a glowing drain.
  2080 | Sewer    | Entered a sewer
  2119 | Sewer    | Reached *** piety under Trog
  2292 | Sewer    | Reached XP level 5. HP: 25/33 MP: 5/5
  2460 | Sewer    | Noticed a kobold brigand
  2482 | Sewer    | Killed a kobold brigand
  2483 | Sewer    | Reached skill level 4 in Armour
  2721 | Sewer    | Noticed a kobold brigand
  2734 | Sewer    | Killed a kobold brigand
  2735 | Sewer    | Reached XP level 6. HP: 27/38 MP: 6/6
  3854 | Sewer    | Reached skill level 5 in Maces & Flails
  3854 | Sewer    | Reached XP level 7. HP: 20/44 MP: 7/7
  4196 | D:3      | Found a hazy altar of Hepliaklqana.
  4213 | D:3      | Found a blossoming altar of Fedhas.
  4250 | D:3      | Reached skill level 5 in Armour
  4785 | D:4      | Found Dattaz's Antique Armour Shoppe.
  6188 | D:4      | Found an ancient bone altar of Kikubaaqudgha.
  6204 | D:4      | Found a snail-covered altar of Cheibriados.
  6939 | D:4      | Bought a glowing scale mail for 140 gold pieces
  6973 | D:5      | Entered Level 5 of the Dungeon
  6973 | D:5      | Found Igiquoma's Antique Armour Emporium.
  6983 | D:5      | Identified the +4 scale mail of Broken Taboos {Contam
                  | Rampage rPois rF++}
  7253 | D:5      | Reached skill level 6 in Armour
  7253 | D:5      | Reached XP level 8. HP: 24/48 MP: 8/8
  7468 | D:5      | Found a staircase to the Ecumenical Temple.
  7509 | D:5      | Reached skill level 5 in Fighting
  7870 | D:5      | Found a broken altar of Ashenzari.
  8074 | D:6      | Noticed Pikel
  8094 | D:5      | Killed Pikel
  8095 | D:5      | Reached skill level 1 in Throwing
  8095 | D:5      | Reached skill level 7 in Armour
  8367 | D:6      | Found a glowing silver altar of Zin.
  8373 | D:6      | Reached XP level 9. HP: 42/55 MP: 9/9
  8420 | D:6      | Found a radiant altar of Vehumet.
  8887 | D:6      | Reached **** piety under Trog
  9102 | D:6      | Found a glowing golden altar of the Shining One.
  9207 | D:6      | Reached skill level 8 in Armour
  9214 | D:6      | Identified the +1 ring mail of Saijah {Int+3}
 10345 | D:7      | Found a white marble altar of Elyvilon.
 10447 | D:7      | Noticed Menkaure
 10454 | D:7      | Killed Menkaure
 10483 | D:7      | Noticed Maggie
 10505 | D:7      | Killed Maggie
 11401 | D:7      | Found a burning altar of Makhleb.
 11535 | D:8      | Reached XP level 10. HP: 56/61 MP: 10/10
 11613 | D:8      | Reached skill level 9 in Armour
 11645 | D:8      | HP: 4/94 [gnoll/+0 spear[a gnoll sergeant] (3)]
 11649 | D:8      | Reached skill level 5 in Dodging
 12022 | D:8      | Found a flagged portal.
 12105 | Bailey   | Entered a bailey
 12532 | Bailey   | Mangled by an orc warrior

Illustrated notes

Levels and vault maps discovered:
D:1:      psy_arrival_radial01, layout_rooms, ebering_ecumenical_altar_webs,
          amcnicky_mini_pool_small
D:2:      layout_loops_cross, basic_altar, hangedman_decor_points,
          minmay_misc_feat_room, dreamdust_mushroom_princess
D:3:      layout_basic, nicolae_overflow_squiral, gup_sewer_entry_pipe,
          hex_medium
D:4:      layout_layer_cave, mainiacjoe_overflow_chevrons,
          kiku_gazebo_pond_becter, serial_shops, shop_fountains,
          kennysheep_generic_room_5
D:5:      layout_rooms, nicolae_ashenzari_panopticon, minmay_temple_entry_waves,
          serial_shops, nicolae_shop_crystal, hangedman_decor_diamond_cutter,
          chequers_decorated_corner, kennysheep_generic_room_10
D:6:      layout_cave_pools, mainiacjoe_overflow_tiny_flanked,
          mainiacjoe_overflow_surrounded_room, old_standard_altar,
          kennysheep_crisscross, minivault_5, eino_tiny_chamber, uniq_pikel
D:7:      layout_basic, lemuel_tele_altar, elyvilon_altar_4, uniq_menkaure,
          uniq_maggie
D:8:      layout_loops_ring, enter_bailey_6, gammafunk_ghost_gnarly_gnolls
Bailey:   bailey_polearm_5, bailey

Skill      XL: |  1  2  3  4  5  6  7  8  9 10 |
---------------+-------------------------------+-----
Armour         | 3 4 6 7 8 9 |  9.4
Dodging        | 2 3 4 5 |  5.0
Maces & Flails | 4 5 6 8 |  8.8
Fighting       | 4 5 6 7 |  7.1
Throwing       | 1 3 |  3.6

Action                   |  1- 3 |  4- 6 |  7- 9 | 10-12 || total
-------------------------+-------+-------+-------+-------++-------
Melee: Mace              |   152 |   291 |   238 |       ||   681
       Punch             |     1 |     2 |     4 |     2 ||     9
       Flail             |       |       |   292 |   109 ||   401
 Fire: Sling             |       |     3 |       |       ||     3
Throw: Dart              |       |       |     4 |       ||     4
       Boomerang         |       |       |     2 |    21 ||    23
Invok: Berserk           |       |     3 |     5 |     3 ||    11
       Brothers in Arms  |       |       |       |     1 ||     1
  Use: Scroll            |       |       |     5 |       ||     5
       Potion            |       |       |       |     1 ||     1
 Stab: Sleeping          |       |       |     1 |       ||     1
Armor: Animal skin       |    18 |       |       |       ||    18
       Leather armour    |    76 |    86 |   199 |       ||   361
       Skin              |       |       |     1 |       ||     1
       Ring mail         |       |       |    52 |       ||    52
       Steam dragon scal |       |       |     3 |    38 ||    41
       Scale mail        |       |       |       |    11 ||    11
Dodge: Dodged            |   131 |   131 |   250 |    65 ||   577
Block: Buckler           |       |       |       |     5 ||     5
